[Event "Titled Tuesday Blitz November 15 Early 2022"]
[White "Willow, Jonah B"]
[Black "Fernandez Guillen, Ernesto J."]
[WhiteFideId "438804"]
[BlackFideId "3512428"]
[WhiteElo "2300"]
[BlackElo "2450"]
[Result "1-0"]
[Round "09"]
[TimeControl "180+1"]
[Date "2022.11.15"]
[WhiteClock "0:01:12"]
[BlackClock "0:00:01"]

1. e4 e5 2. Nf3 Nc6 3. Nc3 g6 4. d4 exd4 5. Nxd4 Bg7 6. Be3 Nge7 7. g3 O-O 8. Bg2 d5 9. exd5 Nxd4 10. Bxd4 Bxd4 11. Qxd4 Nf5 12. Qd2 Re8+ 13. Kf1 c5 14. h3 b6 15. Kg1 Nd4 16. Kh2 Bf5 17. Rac1 h5 18. Rhe1 Qf6 19. Rxe8+ Rxe8 20. h4 Kg7 21. a4 a6 22. f3 Qe5 23. Qf2 b5 24. axb5 axb5 25. Ne4 Qxd5 26. Rd1 Bxe4 27. fxe4 Qe5 28. c3 Ne6 29. Rd5 Qf6 30. Qd2 Rb8 31. e5 Qf5 32. Qe2 Qb1 33. Rd1 Qa2 34. Bd5 Qa6 35. Qf3 Re8 36. Qf6+ Kg8 37. Rf1 Qa7 38. g4 hxg4 39. h5 Qe7 40. hxg6 fxg6 41. Qxg6+ Kh8 42. Bxe6 Qxe6 43. Rf8+ Rxf8 44. Qxe6 1-0


[Site "https://www.chess.com"]

[Event "Titled Tuesday Blitz November 15 Early 2022"]
[White "Winkels, Marcel"]
[Black "Vargas, Mauricio"]
[WhiteFideId "1003887"]
[BlackFideId "4404572"]
[WhiteElo "1900"]
[BlackElo "2025"]
[Result "1-0"]
[Round "09"]
[TimeControl "180+1"]
[Date "2022.11.16"]
[WhiteClock "0:01:38"]
[BlackClock "0:00:01"]

1. d4 d5 2. Nc3 c6 3. e4 e6 4. e5 c5 5. Nf3 Nc6 6. Bf4 Nge7 7. Bd3 cxd4 8. Nb5 Qa5+ 9. Bd2 Qc7 10. Nd6+ Kd7 11. Nxf7 Rg8 12. Bxh7 g6 13. Bxg8 Nxg8 14. O-O b6 15. Bf4 Be7 16. Nxd4 Nxd4 17. Qxd4 Ba6 18. Qa4+ Qc6 19. Qxa6 Rc8 20. c4 Rf8 21. cxd5 exd5 22. Qxa7+ Qc7 23. Qxc7+ Kxc7 24. e6+ 1-0


[Site "https://www.chess.com"]

[Event "Titled Tuesday Blitz November 15 Early 2022"]
[White "Yeremyan, Alen"]
[Black "Dixit, Nikhil"]
[WhiteFideId "13308998"]
[BlackFideId "5059534"]
[WhiteElo "2159"]
[BlackElo "2207"]
[Result "0-1"]
[Round "09"]
[TimeControl "180+1"]
[Date "2022.11.16"]
[WhiteClock "0:00:46"]
[BlackClock "0:00:40"]

1. d3 Nf6 2. c4 g6 3. e4 d6 4. g3 Bg7 5. Bg2 O-O 6. Ne2 c5 7. O-O Nc6 8. Nbc3 Ne8 9. h3 Nc7 10. f4 a6 11. f5 b5 12. Rb1 Rb8 13. b3 b4 14. Nd5 Nxd5 15. exd5 Nd4 16. fxg6 fxg6 17. Rxf8+ Qxf8 18. Bf4 Bd7 19. Nxd4 Bxd4+ 20. Kh2 Re8 21. Qd2 Qg7 22. Bh6 Qe5 23. Re1 Bc3 24. Rxe5 Bxd2 25. Bxd2 dxe5 26. Be3 Rc8 27. g4 Kf7 28. Kg3 e6 29. d6 Ke8 30. Bb7 Rb8 31. Be4 Rc8 32. Bb7 Rb8 33. Bf3 Rc8 34. Kh4 Bc6 35. Be2 Bg2 36. Kg3 Bh1 37. Kh2 Bb7 38. Kg3 Kd7 39. Kh4 Kxd6 40. Kg5 Rc7 41. Kf6 Bc6 42. Bh6 Be8 43. Bf8+ Kc6 44. Bf3+ Kb6 45. Be7 Bc6 46. Bxc6 Kxc6 47. Kxe5 Rxe7 0-1


[Site "https://www.chess.com"]

[Event "Titled Tuesday Blitz November 15 Early 2022"]
[White "Yu, Yangyi"]
[Black "Caruana, Fabiano"]
[WhiteFideId "8603820"]
[BlackFideId "2020009"]
[WhiteElo "2808"]
[BlackElo "2847"]
[Result "0-1"]
[Round "09"]
[TimeControl "180+1"]
[Date "2022.11.15"]
[WhiteClock "0:00:02"]
[BlackClock "0:00:20"]

1. e4 e5 2. Nf3 Nc6 3. Bb5 a6 4. Ba4 Nf6 5. O-O b5 6. Bb3 Bc5 7. c3 d6 8. d4 Bb6 9. Be3 O-O 10. Nbd2 h6 11. h3 Re8 12. Bc2 Bd7 13. d5 Ne7 14. Bxb6 cxb6 15. a4 Ng6 16. axb5 Bxb5 17. c4 Bd7 18. Re1 a5 19. Bd3 Qc7 20. Bf1 Rec8 21. b3 Be8 22. Qb1 Nd7 23. h4 Nc5 24. g3 Bd7 25. b4 axb4 26. Qxb4 Ra5 27. Rab1 Rb8 28. Re3 Ne7 29. Ra3 Rba8 30. Re3 R8a6 31. Nb3 Ra4 32. Qe1 Ra3 33. Nfd2 Kh7 34. Nxc5 bxc5 35. Rxa3 Rxa3 36. Ra1 Qa5 37. Rxa3 Qxa3 38. Qb1 Qa7 39. Kh2 Ng8 40. Bh3 Nf6 41. Bxd7 Qxd7 42. Kg2 Qa7 43. Nf1 Qa4 44. Ne3 Qa5 45. Qb7 Qd2 46. Qxf7 Qd3 47. Qe6 Qxe4+ 48. Kg1 Qf3 49. Qf5+ Qxf5 50. Nxf5 Ne8 51. h5 g6 52. hxg6+ Kxg6 53. Ne3 Nf6 54. Kg2 h5 55. f3 e4 56. fxe4 Nxe4 57. Kf3 Nd2+ 58. Ke2 Nb3 59. Kf3 Kg5 60. Kf2 Nd4 61. Kg2 Kf6 62. Kh3 Ke5 63. Kh4 Ke4 64. Nf1 Kd3 65. Kxh5 Kxc4 66. g4 Kxd5 67. g5 Ne6 68. g6 c4 69. Ne3+ Kd4 70. Nf5+ Ke5 71. Kg4 c3 72. Ne3 Ke4 73. Nc2 d5 0-1


[Site "https://www.chess.com"]

[Event "Titled Tuesday Blitz November 15 Early 2022"]
[White "Zanette, Edgard Vinicius"]
[Black "Gabdrakhmanov, Azat"]
[WhiteFideId "2109263"]
[BlackFideId "34189197"]
[WhiteElo "2211"]
[BlackElo "2254"]
[Result "0-1"]
[Round "09"]
[TimeControl "180+1"]
[Date "2022.11.16"]
[WhiteClock "0:00:13"]
[BlackClock "0:00:20"]

1. e4 c5 2. Nc3 e6 3. f4 Nc6 4. Nf3 d6 5. Bb5 Ne7 6. O-O a6 7. Bxc6+ Nxc6 8. d3 Be7 9. Kh1 b5 10. Ne2 Bb7 11. Be3 d5 12. Ng3 d4 13. Bd2 Qc7 14. c3 dxc3 15. bxc3 Rd8 16. Qe2 Qd7 17. Ne1 b4 18. Qg4 g6 19. cxb4 h5 20. Qh3 cxb4 21. f5 exf5 22. exf5 Nd4 23. Be3 g5 24. Nxh5 Kf8 25. f6 Qxh3 26. fxe7+ Kxe7 27. Bxg5+ Kd7 28. Rxf7+ Kd6 29. Rxb7 Qxh5 30. Bf4+ Kc6 31. Rxb4 Qe2 32. Rc1+ Kd5 33. Rxd4+ Kxd4 34. Nf3+ Kxd3 35. Ne5+ Ke4 36. Bg3 Rd1+ 0-1


[Site "https://www.chess.com"]

[Event "Titled Tuesday Blitz November 15 Early 2022"]
[White "Zeydan, Salih"]
[Black "Khamdamova, Afruza"]
[WhiteFideId "6361722"]
[BlackFideId "14210444"]
[WhiteElo "1988"]
[BlackElo "2018"]
[Result "0-1"]
[Round "09"]
[TimeControl "180+1"]
[Date "2022.11.16"]
[WhiteClock "0:00:29"]
[BlackClock "0:00:55"]

1. e4 e5 2. Nf3 Nc6 3. Bc4 Nf6 4. d3 Bc5 5. O-O O-O 6. Re1 d6 7. Bg5 h6 8. Bh4 Be6 9. Nc3 Nd4 10. Nxd4 Bxd4 11. Qf3 Bxc3 12. bxc3 Bxc4 13. dxc4 g5 14. Bg3 Nd7 15. h4 gxh4 16. Bh2 Qg5 17. Re3 Kh8 18. Qe2 Rg8 19. g3 hxg3 20. Rxg3 Qh4 21. Rb1 Nc5 22. Re1 Ne6 23. Qf3 Nf4 24. c5 dxc5 25. Rd1 Rad8 26. Rxg8+ Rxg8+ 27. Bg3 Qh3 28. c4 h5 29. Rd5 f6 30. Qh1 Ne2# 0-1


[Site "https://www.chess.com"]

[Event "Titled Tuesday Blitz November 15 Early 2022"]
[White "parintele_chess"]
[Black "Kiseljova, Marya"]
[BlackFideId "4155009"]
[WhiteElo "2216"]
[BlackElo "1907"]
[Result "0-1"]
[Round "09"]
[TimeControl "180+1"]
[Date "2022.11.16"]
[WhiteClock "0:00:01"]
[BlackClock "0:00:13"]

1. d4 d5 2. Bf4 Nf6 3. Nf3 e6 4. e3 c5 5. c3 Nc6 6. Nbd2 Nh5 7. Bg5 Qb6 8. Qb3 h6 9. Bh4 g5 10. Bg3 Nxg3 11. hxg3 Bg7 12. Qc2 Bd7 13. Nb3 cxd4 14. exd4 g4 15. Nfd2 O-O-O 16. Nc5 Kb8 17. a4 Bc8 18. b4 e5 19. Bb5 exd4 20. Bxc6 Qxc6 21. O-O dxc3 22. Ndb3 d4 23. Rfe1 Rhe8 24. Qh7 Qf6 25. Qd3 Bf5 26. Qc4 c2 27. Qb5 Rxe1+ 28. Rxe1 Qb6 29. Qe2 d3 30. Qd2 Qf6 31. a5 Qc3 32. Qc1 Qxb4 33. Re7 Bc8 0-1


[Site "https://www.chess.com"]

[Event "Titled Tuesday Blitz November 15 Early 2022"]
[White "Aaditya Dhingra"]
[Black "Stankovic, Ivan G"]
[WhiteFideId "25678191"]
[BlackFideId "902837"]
[WhiteElo "2054"]
[BlackElo "2226"]
[Result "1-0"]
[Round "10"]
[TimeControl "180+1"]
[Date "2022.11.16"]
[WhiteClock "0:01:54"]
[BlackClock "0:01:29"]

1. e4 c5 2. Nf3 Nc6 3. d4 cxd4 4. Nxd4 g6 5. c4 Nf6 6. Nc3 d6 7. Nc2 Bg7 8. Be2 O-O 9. O-O a5 10. b3 a4 11. b4 Be6 12. Rb1 Ne5 13. Ne3 Rc8 14. Qxa4 Nxc4 15. Nxc4 Bxc4 16. Bxc4 Rxc4 17. Qb3 Nxe4 18. Qxc4 Nxc3 19. Rb3 b5 20. Qd3 Qc7 21. Bb2 Rc8 22. Bxc3 Bxc3 23. Rc1 1-0


[Site "https://www.chess.com"]

[Event "Titled Tuesday Blitz November 15 Early 2022"]
[White "Abdusattorov, Nodirbek"]
[Black "Harsha Bharathakoti"]
[WhiteFideId "14204118"]
[BlackFideId "5078776"]
[WhiteElo "2665"]
[BlackElo "2523"]
[Result "1-0"]
[Round "10"]
[TimeControl "180+1"]
[Date "2022.11.15"]
[WhiteClock "0:01:10"]
[BlackClock "0:00:20"]

1. a3 g6 2. g3 Bg7 3. Bg2 Nf6 4. Nf3 O-O 5. O-O d6 6. d3 e5 7. e4 Nc6 8. Nbd2 Re8 9. Re1 a5 10. b3 b6 11. Bb2 Bb7 12. h3 h6 13. Nc4 Nd7 14. Ne3 Nc5 15. h4 h5 16. Bh3 Bc8 17. Bxc8 Qxc8 18. Kg2 Ne6 19. c3 Qd7 20. Qc2 Nf4+ 21. Kg1 Ne6 22. Rad1 Ne7 23. d4 exd4 24. cxd4 d5 25. Ne5 Bxe5 26. dxe5 d4 27. f4 Qc6 28. Qxc6 Nxc6 29. Nd5 Rec8 30. f5 Nc5 31. Bxd4 Nxb3 32. Bb2 Nc5 33. fxg6 fxg6 34. Rf1 Rf8 35. Rf6 Rxf6 36. exf6 Ne6 37. Nf4 Rd8 38. Rf1 Kf7 39. Nxe6 Kxe6 40. f7 Rf8 41. Rf6+ Kd7 42. e5 Nd8 43. Bc1 Rxf7 44. e6+ Ke7 45. exf7 Nxf7 46. Rxg6 1-0


[Site "https://www.chess.com"]

[Event "Titled Tuesday Blitz November 15 Early 2022"]
[White "Acor, Corey"]
[Black "Papasimakopoulos, Alexandros"]
[WhiteFideId "2024861"]
[BlackFideId "4244125"]
[WhiteElo "2340"]
[BlackElo "2365"]
[Result "0-1"]
[Round "10"]
[TimeControl "180+1"]
[Date "2022.11.15"]
[WhiteClock "0:00:01"]
[BlackClock "0:00:05"]

1. e4 e6 2. d3 d5 3. Nd2 c5 4. g3 Nc6 5. Bg2 Nge7 6. Ne2 g6 7. f4 Bg7 8. e5 b5 9. a4 bxa4 10. Rxa4 a5 11. O-O Bd7 12. Ra1 h5 13. Nf3 Qb6 14. h3 Nf5 15. c3 f6 16. exf6 Bxf6 17. g4 hxg4 18. hxg4 Nh4 19. Nxh4 Rxh4 20. Ng3 Qc7 21. Qe2 O-O-O 22. Be3 d4 23. Bd2 Rdh8 24. Ne4 Be7 25. Rfc1 Kd8 26. b4 dxc3 27. Bxc3 cxb4 28. Bxh8 Rxh8 29. Nf2 Qb6 30. Qe4 Bc5 31. Ra2 Ne7 32. d4 Bxd4 33. Rd1 Nc6 34. Rad2 b3 35. Qxg6 Rf8 36. Rxd4 Nxd4 37. Qg7 Rxf4 38. Qg5+ Kc8 39. Rc1+ Bc6 40. Re1 Bxg2 41. Qxf4 Nf3+ 42. Kxg2 Nxe1+ 43. Kf1 Nc2 0-1


[Site "https://www.chess.com"]

[Event "Titled Tuesday Blitz November 15 Early 2022"]
[White "Ahn, Hongjin"]
[Black "Abrahamyan, Tatev"]
[WhiteFideId "13201492"]
[BlackFideId "13301918"]
[WhiteElo "2182"]
[BlackElo "2347"]
[Result "1-0"]
[Round "10"]
[TimeControl "180+1"]
[Date "2022.11.16"]
[WhiteClock "0:00:04"]
[BlackClock "0:00:12"]

1. d4 Nf6 2. c4 e6 3. Nc3 Bb4 4. e3 O-O 5. Bd2 c5 6. dxc5 Na6 7. Nf3 Nxc5 8. Qc2 b6 9. a3 Bxc3 10. Bxc3 Nfe4 11. Bd4 Bb7 12. b4 Na6 13. Bd3 f5 14. Rd1 Rc8 15. Ba1 Qe8 16. O-O Qh5 17. Qb2 Rf6 18. Be2 Qe8 19. Ne5 Nb8 20. f3 Ng5 21. b5 Qe7 22. Qb4 Rc5 23. Nd3 Rg6 24. Nxc5 Nh3+ 25. Kh1 Qg5 26. g3 Qxe3 27. Qd2 Qxc5 28. Qd4 Qe7 29. Qd6 Qe8 30. Qc7 Qc8 31. Be5 Qxc7 32. Bxc7 f4 33. Bxb8 fxg3 34. hxg3 Ng5 35. Rxd7 1-0


[Site "https://www.chess.com"]

[Event "Titled Tuesday Blitz November 15 Early 2022"]
[White "Aldokhin, Ivan"]
[Black "Narayanan, Srinath"]
[WhiteFideId "24115720"]
[BlackFideId "5018420"]
[WhiteElo "2313"]
[BlackElo "2459"]
[Result "1-0"]
[Round "10"]
[TimeControl "180+1"]
[Date "2022.11.16"]
[WhiteClock "0:00:06"]
[BlackClock "0:01:16"]

1. e4 c5 2. Nf3 d6 3. d4 cxd4 4. Nxd4 Nf6 5. Nc3 Nc6 6. Bc4 e6 7. Bb3 Be7 8. Be3 Na5 9. g4 Nxb3 10. axb3 a6 11. g5 Nd7 12. h4 Nc5 13. Qe2 Qc7 14. h5 e5 15. Nd5 Qd8 16. Nb5 O-O 17. Nbc7 Rb8 18. Nxe7+ Qxe7 19. Nd5 Qd8 20. h6 Nxe4 21. hxg7 Re8 22. Bb6 Be6 23. Bxd8 Bxd5 24. Qh5 Nxg5 25. Bxg5 Bxh1 26. Qxh1 Re6 27. O-O-O Rg6 28. Be7 Re8 29. Bxd6 Kxg7 30. Qh5 f6 31. Rh1 h6 32. Qf5 Rd8 33. Bc5 Rg5 34. Qe6 Rg8 35. Be7 Rg6 36. Rh3 a5 37. Bxf6+ Kh7 38. Qf7+ 1-0


[Site "https://www.chess.com"]

[Event "Titled Tuesday Blitz November 15 Early 2022"]
[White "Alekseenko, Kirill"]
[Black "Sharifov, Mekhriddin"]
[WhiteFideId "4135539"]
[BlackFideId "14701545"]
[WhiteElo "2682"]
[BlackElo "2109"]
[Result "1/2-1/2"]
[Round "10"]
[TimeControl "180+1"]
[Date "2022.11.15"]
[WhiteClock "0:02:02"]
[BlackClock "0:00:54"]

1. d4 Nf6 2. Nc3 d5 3. Bf4 Bf5 4. e3 e6 5. f3 a6 6. g4 Bg6 7. h4 h6 8. Bd3 Bxd3 9. Qxd3 c5 10. Nge2 Nc6 11. a3 Bd6 12. O-O-O cxd4 13. exd4 Qc7 14. Bxd6 Qxd6 15. g5 Nh5 16. Na4 O-O-O 17. Nc5 Nf4 18. Nxf4 Qxf4+ 19. Kb1 hxg5 20. hxg5 Rxh1 21. Rxh1 Qxg5 22. Rh7 Qg1+ 23. Ka2 Qxd4 24. Qxd4 Nxd4 25. Rxg7 Rf8 26. f4 Nxc2 27. Rg3 Nd4 28. Rc3 Nc6 29. Nxa6 bxa6 30. Rxc6+ Kb7 31. Rd6 Rc8 32. b4 Rc6 33. Rd7+ Rc7 34. Rd6 Rc4 35. Rd7+ Rc7 36. Rd8 Rc8 37. Rd6 Rc6 38. Rd7+ Rc7 1/2-1/2


[Site "https://www.chess.com"]

[Event "Titled Tuesday Blitz November 15 Early 2022"]
[White "Aponte Ramos, Argimiro"]
[Black "Buscar, Michael"]
[WhiteFideId "3900568"]
[BlackFideId "2603616"]
[WhiteElo "2216"]
[BlackElo "2010"]
[Result "1/2-1/2"]
[Round "10"]
[TimeControl "180+1"]
[Date "2022.11.16"]
[WhiteClock "0:00:09"]
[BlackClock "0:01:04"]

1. e4 c5 2. Nf3 Nc6 3. Bb5 Nf6 4. Bxc6 bxc6 5. d3 g6 6. O-O Bg7 7. Re1 O-O 8. e5 Nd5 9. Nbd2 Nc7 10. Nc4 Ne6 11. Ng5 d5 12. exd6 exd6 13. Nf3 Nd4 14. Nxd4 cxd4 15. Bf4 d5 16. Nd2 Be6 17. Be5 c5 18. Bxg7 Kxg7 19. b3 Rc8 20. Nf3 Qf6 21. Qd2 Rfd8 22. Qg5 c4 23. Qxf6+ Kxf6 24. Rac1 cxd3 25. cxd3 Rc3 26. Nxd4 Rxd3 27. Nxe6 fxe6 28. Rc6 Re8 29. Ra6 Re7 30. f4 Kf5 31. Re5+ Kxf4 32. Rexe6 Rd1+ 33. Kf2 Rd2+ 34. Kf1 Rxe6 35. Rxe6 Rxa2 36. Rd6 d4 37. Rxd4+ Ke3 38. Rd1 Rb2 39. Re1+ Kd3 40. Re7 a5 41. Rxh7 Rxb3 42. Ra7 Rb5 43. Kf2 g5 44. Kg3 Kc3 45. Kg4 Kb3 46. g3 a4 47. h4 gxh4 48. gxh4 a3 49. h5 Rb4+ 50. Kg5 Ra4 51. Rb7+ Kc4 52. Rb1 a2 53. Ra1 Kb3 54. h6 Ra5+ 55. Kg6 Ra6+ 56. Kg7 Ra7+ 57. Kg6 Ra6+ 58. Kg7 Kb2 59. Rxa2+ Kxa2 60. h7 Ra7+ 61. Kg8 Ra8+ 62. Kg7 Ra7+ 63. Kg8 Rxh7 64. Kxh7 1/2-1/2


[Site "https://www.chess.com"]

[Event "Titled Tuesday Blitz November 15 Early 2022"]
[White "Aradhya, Garg"]
[Black "Svane, Rasmus"]
[WhiteFideId "25006746"]
[BlackFideId "4657101"]
[WhiteElo "2223"]
[BlackElo "2674"]
[Result "1-0"]
[Round "10"]
[TimeControl "180+1"]
[Date "2022.11.15"]
[WhiteClock "0:00:30"]
[BlackClock "0:00:07"]

1. d4 Nf6 2. c4 e6 3. Nc3 Bb4 4. e3 O-O 5. Bd2 Re8 6. Nf3 d5 7. Rc1 Nbd7 8. Qb3 Bxc3 9. Bxc3 b6 10. cxd5 Nxd5 11. Be2 c5 12. Bd2 cxd4 13. exd4 Bb7 14. O-O h6 15. Bd3 Qb8 16. Rfe1 Rd8 17. Ne5 Nxe5 18. dxe5 Ne7 19. Bb4 Bd5 20. Qa3 Ng6 21. Bd6 Qb7 22. Rc7 Qb8 23. Bxg6 fxg6 24. Qd3 Kh7 25. h4 h5 26. Re3 Rf8 27. Rg3 Rf5 28. Rxg7+ Kxg7 29. Bxb8 Rxb8 30. Qa3 Rb7 31. Rg5 Rxg5 32. hxg5 Kf7 33. b3 a5 34. Qd6 Kg7 35. f3 Kf7 36. Kf2 Kg7 37. Ke3 Kf7 38. Kd4 Kg7 39. f4 Kf7 40. g3 Ke8 41. Ke3 Kf7 42. Kd2 Kg7 43. Qd8 Kh7 44. Ke3 Kg7 45. Kd4 Kh7 46. Kc3 Kg7 47. a3 Kh7 48. b4 axb4+ 49. Kxb4 b5 50. Kc5 Kg7 51. Kd6 Ra7 52. Qb6 Rb7 53. Qa6 Kh7 54. Kc5 Kg7 55. Kb4 Kh7 56. Qa8 Kg7 57. Qd8 Kh7 58. Qf6 Bc4 59. a4 Bd5 60. axb5 Rc7 61. b6 Rc4+ 62. Kb5 Rc3 63. Qf7+ Kh8 64. Qxg6 Rb3+ 65. Kc5 Rc3+ 66. Kd6 Rc6+ 67. Ke7 Rxb6 68. Kf6 Rb7 69. Qe8+ Kh7 70. g6+ Kh6 71. Qh8+ Rh7 72. Qxh7# 1-0


[Site "https://www.chess.com"]

[Event "Titled Tuesday Blitz November 15 Early 2022"]
[White "Ardila, Oscar Humberto"]
[Black "Fajdetic, Hrvoje"]
[WhiteFideId "4404742"]
[BlackFideId "14501945"]
[WhiteElo "1959"]
[BlackElo "2172"]
[Result "0-1"]
[Round "10"]
[TimeControl "180+1"]
[Date "2022.11.16"]
[WhiteClock "0:00:55"]
[BlackClock "0:00:46"]

1. d4 Nf6 2. c4 e5 3. dxe5 Ng4 4. Nf3 Bc5 5. e3 Nc6 6. Be2 Ngxe5 7. O-O O-O 8. Nbd2 a5 9. Nxe5 Nxe5 10. Nf3 Qe7 11. Bd2 d6 12. Bc3 Bd7 13. Nxe5 dxe5 14. Bf3 e4 15. Be2 Be6 16. Qc2 f5 17. Rfd1 Rf7 18. Bd4 b6 19. Qc3 f4 20. Bxc5 Qxc5 21. b3 f3 22. Bf1 fxg2 23. Be2 Raf8 24. Qe1 Qf5 25. Rd2 Qxf2+ 26. Qxf2 Rxf2 27. Re1 Bh3 28. c5 Rf1+ 29. Bxf1 Rxf1+ 0-1


[Site "https://www.chess.com"]

[Event "Titled Tuesday Blitz November 15 Early 2022"]
[White "Artemenko, Oleg"]
[Black "Seemann, Jakub"]
[WhiteFideId "14201798"]
[BlackFideId "21874697"]
[WhiteElo "2287"]
[BlackElo "2275"]
[Result "0-1"]
[Round "10"]
[TimeControl "180+1"]
[Date "2022.11.16"]
[WhiteClock "0:00:21"]
[BlackClock "0:00:22"]

1. e4 e6 2. d4 d5 3. e5 c5 4. c3 Bd7 5. Nf3 Qb6 6. Be2 cxd4 7. cxd4 Bb5 8. Nc3 Bb4 9. O-O Bxc3 10. bxc3 Bxe2 11. Qxe2 Nc6 12. Ba3 Nge7 13. Rab1 Qc7 14. Nh4 O-O 15. f4 Rfc8 16. f5 exf5 17. Nxf5 Nxf5 18. Rxf5 Qd7 19. Rbf1 Nd8 20. Rxf7 Nxf7 21. e6 Re8 22. Rxf7 Rxe6 23. Rxd7 Rxe2 24. Rxd5 Rxa2 25. Bc5 b6 26. Be7 Rc8 27. h4 Rxc3 28. Bd6 Rcc2 29. Rg5 h6 30. Rg6 Kf7 31. h5 Ra5 32. Be5 Rxe5 33. dxe5 Re2 34. Rc6 Rxe5 35. Rc7+ Re7 36. Rc8 Rb7 37. Kf1 b5 38. Ke1 Kf6 39. Kd1 Kg5 40. Rc5+ Kg4 41. Kc1 a5 42. Kb2 a4 43. Ka3 b4+ 44. Kxa4 b3 45. Rc1 b2 46. Rb1 Kxh5 47. Ka3 Kg4 48. Ka2 Kg3 49. Ka3 h5 50. Ka2 h4 51. Ka3 g5 52. Ka2 g4 53. Ka3 Kxg2 54. Ka2 h3 55. Ka3 h2 56. Ka2 h1=Q 57. Rxh1 Kxh1 58. Kb1 g3 59. Kc2 b1=Q+ 60. Kd2 Rd7+ 61. Ke3 Qf5 62. Ke2 Qf2# 0-1


[Site "https://www.chess.com"]

[Event "Titled Tuesday Blitz November 15 Early 2022"]
[White "Atakhan, Abtin"]
[Black "Santos Ruiz, Miguel"]
[WhiteFideId "22502203"]
[BlackFideId "22291482"]
[WhiteElo "2733"]
[BlackElo "2830"]
[Result "0-1"]
[Round "10"]
[TimeControl "180+1"]
[Date "2022.11.16"]
[WhiteClock "0:00:06"]
[BlackClock "0:00:57"]

1. Nf3 f5 2. c4 Nf6 3. g3 b6 4. Bg2 Bb7 5. O-O e6 6. Nc3 Bb4 7. d3 O-O 8. Bd2 a5 9. a3 Be7 10. Nb5 Na6 11. Qc2 c5 12. Bc3 Nc7 13. Nxc7 Qxc7 14. Rab1 a4 15. b3 axb3 16. Rxb3 Bc6 17. Qb2 Ra6 18. Rb1 Bd8 19. Qd2 Qa7 20. Qc1 Qa8 21. Ne1 d5 22. Qf4 d4 23. Bd2 Bxg2 24. Nxg2 Qc6 25. Qf3 Qxf3 26. exf3 Bc7 27. f4 Rfa8 28. Bc1 Nd7 29. Bb2 Kf7 30. Re1 Re8 31. Nh4 g6 32. Nf3 Kf6 33. Bc1 Raa8 34. Rb2 Rxa3 35. Ng5 h6 36. Rxe6+ Rxe6 37. Nxe6 Rxd3 38. Nxc7 Rd1+ 39. Kg2 Rxc1 40. Nd5+ Kf7 41. Nxb6 Nxb6 42. Rxb6 Rxc4 43. Kf3 Rc3+ 44. Ke2 c4 45. Rd6 Rc2+ 46. Kf3 d3 47. h4 Rc1 48. h5 gxh5 49. Ke3 Rc2 0-1


[Site "https://www.chess.com"]

[Event "Titled Tuesday Blitz November 15 Early 2022"]
[White "Avazkhonov, Alikhon"]
[Black "Odegov, Artem"]
[WhiteFideId "14208504"]
[BlackFideId "34183644"]
[WhiteElo "1739"]
[BlackElo "2298"]
[Result "0-1"]
[Round "10"]
[TimeControl "180+1"]
[Date "2022.11.16"]
[WhiteClock "0:00:01"]
[BlackClock "0:01:11"]

1. d4 Nf6 2. c4 c5 3. d5 e5 4. Nc3 d6 5. e4 Be7 6. Nf3 O-O 7. Bd3 Ne8 8. O-O g6 9. Bh6 Ng7 10. a3 f5 11. exf5 gxf5 12. Nd2 e4 13. Bc2 Bg5 14. Bxg5 Qxg5 15. Qe2 Nd7 16. f3 e3 17. f4 Qe7 18. Rae1 Re8 19. Nf3 Nf6 20. Nd1 Ng4 21. h3 Nf6 22. Nxe3 Ne4 23. Bxe4 fxe4 24. Ng5 h6 25. f5 Qxg5 26. f6 Rf8 27. fxg7 Rxf1+ 28. Rxf1 Qxg7 29. g4 Bd7 30. Nf5 Bxf5 31. Rxf5 Re8 32. b3 e3 33. Kg2 Qd4 34. Rf3 Qe4 35. Kg3 Qe5+ 36. Kg2 a5 37. h4 Qe4 38. Kg3 a4 39. bxa4 Qe5+ 40. Kg2 b6 41. Kh3 Re7 42. Kg2 h5 43. g5 Qe4 44. Kh3 Qg4+ 45. Kh2 Rf7 46. Rxe3 Qxh4+ 47. Kg2 Kg7 0-1


[Site "https://www.chess.com"]

[Event "Titled Tuesday Blitz November 15 Early 2022"]
[White "Averjanov, Alexey"]
[Black "Malka, Samuel"]
[WhiteFideId "14109867"]
[BlackFideId "20643675"]
[WhiteElo "2616"]
[BlackElo "2475"]
[Result "1-0"]
[Round "10"]
[TimeControl "180+1"]
[Date "2022.11.16"]
[WhiteClock "0:01:50"]
[BlackClock "0:00:04"]

1. d4 Nf6 2. c4 g6 3. Nc3 Bg7 4. e4 d6 5. Be2 O-O 6. Nf3 e5 7. O-O Nc6 8. d5 Ne7 9. Ne1 Nd7 10. Be3 f5 11. f3 f4 12. Bf2 g5 13. a4 a5 14. Nd3 b6 15. b4 axb4 16. Nxb4 Nf6 17. Nc6 Nxc6 18. dxc6 Be6 19. Nd5 Rf7 20. a5 bxa5 21. Qa4 Bf8 22. Qb5 g4 23. Bh4 Bxd5 24. cxd5 Be7 25. Bxf6 Bxf6 26. fxg4 Bh4 27. Bf3 Bg3 28. Rxa5 Rxa5 29. Qxa5 Qh4 30. h3 h5 31. gxh5 Rg7 32. Qa8+ Kh7 33. Qe8 Be1 34. Bg4 Rxg4 35. hxg4 Bd2 36. Qd7+ Kh8 37. Qc8+ Kh7 38. Qxc7+ Kh8 39. Qc8+ Kh7 40. Qd7+ Kh8 41. Qe8+ Kh7 42. Qd7+ Kh8 43. Qe8+ Kh7 44. Qf7+ Kh8 45. Rf3 Qe1+ 46. Kh2 Qh4+ 47. Rh3 1-0


[Site "https://www.chess.com"]

[Event "Titled Tuesday Blitz November 15 Early 2022"]
[White "Avila Rodriguez, Joshua Ad"]
[Black "Adithya A Chullikkad"]
[WhiteFideId "5126444"]
[BlackFideId "45078734"]
[WhiteElo "2125"]
[BlackElo "2106"]
[Result "0-1"]
[Round "10"]
[TimeControl "180+1"]
[Date "2022.11.16"]
[WhiteClock "0:01:18"]
[BlackClock "0:01:38"]

1. e4 c6 2. d4 d5 3. e5 g6 4. Bd3 Bg7 5. Nf3 Bf5 6. O-O Bxd3 7. Qxd3 e6 8. Nbd2 Ne7 9. c4 Nd7 10. b3 dxc4 11. Nxc4 b5 12. Nd6+ Kf8 13. a4 a6 14. Ba3 Kg8 15. Rac1 Nb6 16. Nd2 Nbd5 17. Bc5 Nc8 18. N2e4 Bf8 19. Qf3 Nxd6 20. Bxd6 Bxd6 21. Nxd6 Qd7 22. Rxc6 Kg7 23. Rfc1 Ra7 24. axb5 axb5 25. Nxb5 Qxc6 26. Re1 Qxb5 27. h4 h5 28. Re4 Ra1+ 29. Kh2 Rb1 30. g4 Qf1 31. g5 Qg1+ 32. Kh3 Rb8 0-1


[Site "https://www.chess.com"]

[Event "Titled Tuesday Blitz November 15 Early 2022"]
[White "Bacrot, Etienne"]
[Black "Deac, Bogdan-Daniel"]
[WhiteFideId "605506"]
[BlackFideId "1226380"]
[WhiteElo "2666"]
[BlackElo "2648"]
[Result "0-1"]
[Round "10"]
[TimeControl "180+1"]
[Date "2022.11.15"]
[WhiteClock "0:00:02"]
[BlackClock "0:00:13"]

1. e4 c6 2. Nf3 d5 3. Nc3 Bg4 4. h3 Bxf3 5. Qxf3 e6 6. g3 Bc5 7. Bg2 Ne7 8. O-O O-O 9. Rd1 d4 10. Ne2 Nd7 11. d3 Bb6 12. Rf1 c5 13. h4 Qc7 14. Bf4 Ne5 15. Qh5 N7g6 16. Bd2 c4 17. Nf4 cxd3 18. cxd3 Qc2 19. Nxg6 Nxg6 20. Bb4 Qxd3 21. Bxf8 Rxf8 22. Qd1 Qb5 23. a4 Qxb2 24. a5 Bc5 25. Rb1 Qc3 26. Rxb7 Qxa5 27. h5 Ne5 28. h6 d3 29. hxg7 Kxg7 30. Qh5 Ng6 31. Kh2 d2 32. e5 Bd4 0-1


[Site "https://www.chess.com"]

[Event "Titled Tuesday Blitz November 15 Early 2022"]
[White "Besedes, Danilo"]
[Black "Parligras, Mircea-Emilian"]
[WhiteFideId "946796"]
[BlackFideId "1204297"]
[WhiteElo "2352"]
[BlackElo "2507"]
[Result "0-1"]
[Round "10"]
[TimeControl "180+1"]
[Date "2022.11.16"]
[WhiteClock "0:00:34"]
[BlackClock "0:00:44"]

1. Nf3 c5 2. e3 e6 3. d4 Nf6 4. Bd3 d5 5. O-O Nc6 6. b3 Bd6 7. Bb2 O-O 8. a3 b6 9. Nbd2 Bb7 10. Qe2 Rc8 11. dxc5 bxc5 12. e4 Be7 13. Rad1 Qc7 14. Rfe1 Rcd8 15. e5 Nd7 16. Nf1 a5 17. Ng3 a4 18. h4 h6 19. h5 Qb6 20. Qe3 Na5 21. Qf4 axb3 22. cxb3 Nxb3 23. Qg4 c4 24. Bb1 Ndc5 25. Nd4 Na4 26. Bc1 Nxc1 27. Rxc1 Nc5 28. Rc3 Ne4 29. Nxe4 dxe4 30. Rg3 Bg5 31. Nc2 Rd2 32. Ne3 Qd4 33. a4 c3 34. Rc1 Rc8 35. a5 Qxe5 0-1


[Site "https://www.chess.com"]